Map: Kairos Junction LE

Players

Fagballs

  • Race: Terran Terran
  • League: Master
  • Spawn Location: 11:00

Serral - Winner!

  • Race: Terran Terran
  • League: Master
  • Spawn Location: 5:00

VOD

Have the link to the VOD?

Description

Time

  • Played on: Dec. 4, 2018, 12:10 p.m.
  • Length: 13:56
Show
View Real Time Build Order
Export as new Build Order

Fagballs Terran 

Build Orders: Gas First Reaper Expand 

Get SALT Encoding   

  12  0:01  SCV  
  13  0:13  SCV  
  14  0:18  Supply Depot  
  14  0:25  SCV  
  14  0:27  Refinery  
  15  0:39  SCV  
  16  0:45  Barracks  
  16  0:51  SCV  
  17  1:03  SCV  
  18  1:15  SCV  
  19  1:32  Orbital Command  
  19  1:33  Reaper  
  20  1:45  Command Center  
  20  1:54  Factory  
  20  2:01  Supply Depot  
  20  2:05  SCV  
  20  2:08  Reaper  
  22  2:15  Refinery  
  22  2:17  SCV  
  23  2:29  SCV  
  24  2:38  Hellion  
  24  2:40  Barracks Reactor  
  24  2:41  SCV  
  27  2:51  Starport  
  27  2:53  SCV  
  27  2:57  Orbital Command  
  28  3:00  Factory Tech Lab  
  28  3:06  SCV  
  29  3:17  Marine x2  
  29  3:18  SCV  
  29  3:19  Cyclone  
  35  3:33  Starport Tech Lab  
  31  3:35  Marine x2  
  32  3:44  SCV x2  
  34  3:51  Siege Tank  
  34  3:52  Marine  
  34  3:53  Marine  
  38  4:00  SCV x2  
  39  4:09  Supply Depot  
  39  4:15  SCV x2  
  41  4:19  Marine x2  
  41  4:20  Raven  
  45  4:32  SCV x2  
  47  4:39  Refinery  
  47  4:40  Refinery  
  47  4:43  Supply Depot  
  47  4:44  SCV  
  47  4:45  SCV  
  49  4:46  Marine x2  
  49  4:47  Siege Tank  
  54  4:54  Supply Depot  
  54  4:59  SCV  
  52  5:02  Supply Depot  
  52  5:03  Marine  
  52  5:04  Supply Depot, Marine  
  52  5:05  SCV  
  55  5:08  Viking  
  55  5:11  SCV  
  58  5:17  SCV  
  58  5:19  Siege Tank  
  62  5:23  SCV  
  63  5:31  Command Center  
  63  5:32  SCV  
  64  5:41  Viking  
  66  5:45  SCV  
  66  5:46  SCV  
  68  5:51  Barracks  
  68  5:52  Barracks  
  68  5:58  SCV x2  
  70  6:09  Engineering Bay  
  70  6:10  Engineering Bay, SCV x2  
  70  6:11  Supply Depot  
  71  6:19  Marine x2, Siege Tank  
  71  6:22  SCV x2  
  71  6:23  Starport Reactor  
  78  6:36  Barracks, SCV x2  
  78  6:38  Barracks, Terran Infantry Weapons Level 1  
  78  6:39  Terran Infantry Armor Level 1  
  80  6:41  Barracks Reactor  
  80  6:45  Orbital Command  
  80  6:57  Marine x2  
  80  6:59  Marine, Stimpack  
  80  7:00  SCV x2  
  85  7:09  Medivac x2  
  85  7:13  SCV x2  
  85  7:14  Orbital Command  
  91  7:31  Marine x3, Barracks Reactor  
  91  7:32  Marine x2, Barracks Reactor  
  91  7:33  SCV, Siege Tank  
  91  7:34  SCV  
  101  7:40  Sensor Tower  
  101  7:41  Medivac x2  
  101  7:42  Armory  
  105  7:46  SCV  
  105  7:48  Marine  
  105  7:49  SCV x2  
  109  7:52  Supply Depot  
  109  7:53  Supply Depot  
  109  7:57  Supply Depot  
  109  7:58  Supply Depot  
  109  8:04  Command Center  
  109  8:05  Supply Depot  
  109  8:11  Refinery  
  109  8:14  Marine x9  
  109  8:19  Siege Tank  
  121  8:22  Factory  
  121  8:25  SCV x3  
  124  8:31  Marine x3  
  124  8:33  Marine x3  
  129  8:34  Terran Infantry Weapons Level 2  
  129  8:35  Terran Infantry Armor Level 2  
  129  8:43  Marine x2  
  129  8:44  Marine  
  132  8:49  Marine  
  132  8:50  Medivac x2  
  132  8:51  SCV x2, Siege Tank  
  132  8:55  Supply Depot x2  
  142  8:58  Supply Depot  
  142  8:59  Marine x2  
  144  9:08  Combat Shield  
  144  9:09  Factory Tech Lab  
  144  9:10  Marine x3  
  147  9:17  Refinery, Command Center  
  147  9:22  Viking x2  
  147  9:23  Marine x5  
  147  9:24  Siege Tank  
  150  9:33  Siege Tank  
  150  9:37  Starport  
  153  9:45  Marine  
  153  9:46  Marine x5  
  159  9:53  Terran Ship Weapons Level 1  
  159  9:56  Starport  
  159  9:59  Viking x2  
  163  10:05  Planetary Fortress  
  163  10:07  SCV x3  
  166  10:17  Starport Reactor  
  166  10:23  Fusion Core  
  154  10:36  Marine x6  
  154  10:37  Refinery, Marine, Starport Tech Lab  
  154  10:38  Viking x2  
  154  10:39  Sensor Tower  
  154  10:40  Refinery, Marine  
  154  10:41  Marine  
  162  11:00  Marine x5  
  166  11:07  Viking x2, Orbital Command  
  166  11:08  Viking x2  
  166  11:19  Marine  
  167  11:38  Viking  
  167  11:39  Viking x3  
  175  11:42  SCV x3  
  175  11:43  Liberator  
  178  12:01  Marine  
  178  12:02  Marine x8  
  175  12:12  Supply Depot  
  175  12:15  Supply Depot  
  171  12:19  Marine  
  171  12:20  Marine x2  
  173  12:23  Marine  
  158  12:37  Marine  
  158  12:38  Marine  
  121  12:55  Marine x2  
  109  13:10  Barracks  
  107  13:12  Marine  
  107  13:13  Barracks, Marine  
  107  13:14  Barracks  
  95  13:37  Marine  
  95  13:38  Marine  
Show
View Real Time Build Order
Export as new Build Order

Serral Terran - Winner!

Build Orders: Cyclone Opening 

Get SALT Encoding   

  12  0:00  SCV  
  13  0:12  SCV  
  14  0:16  Supply Depot  
  14  0:25  SCV  
  14  0:27  Refinery  
  15  0:38  SCV  
  16  0:44  Barracks  
  16  0:50  SCV  
  16  0:55  Refinery  
  17  1:02  SCV  
  18  1:14  SCV  
  19  1:30  Orbital Command  
  19  1:31  Reaper  
  20  1:36  Factory  
  20  1:47  Supply Depot  
  20  1:56  SCV  
  21  2:03  Barracks Tech Lab  
  21  2:08  SCV  
  22  2:20  SCV  
  23  2:27  Cyclone  
  26  2:33  Command Center  
  26  2:37  SCV  
  26  2:42  Mag-Field Accelerator  
  27  2:47  Supply Depot  
  27  2:51  SCV  
  28  2:59  Cyclone  
  28  3:01  Barracks Reactor  
  31  3:09  SCV  
  32  3:21  SCV  
  32  3:31  Cyclone  
  32  3:33  SCV  
  36  3:41  Marine x2  
  36  3:42  Starport  
  36  3:45  SCV  
  40  3:57  SCV  
  40  4:01  Orbital Command  
  42  4:09  SCV  
  41  4:12  Marine x2  
  43  4:20  Factory Tech Lab  
  43  4:23  SCV  
  44  4:27  Supply Depot, SCV  
  44  4:29  Raven  
  47  4:31  Marine x2  
  47  4:35  SCV  
  50  4:40  SCV  
  51  4:45  Command Center  
  51  4:48  Siege Tank  
  51  4:49  Marine x2, SCV  
  57  4:59  SCV  
  58  5:01  SCV  
  58  5:03  Supply Depot  
  59  5:11  SCV  
  59  5:13  SCV  
  61  5:19  Marine  
  61  5:21  Barracks  
  62  5:22  Barracks  
  62  5:25  Stimpack  
  62  5:27  Starport Reactor  
  62  5:28  Refinery, Supply Depot  
  62  5:29  Refinery, SCV x2  
  64  5:37  Marine  
  64  5:38  Siege Tank  
  64  5:41  SCV  
  69  5:47  SCV  
  70  5:51  Supply Depot  
  70  5:55  Marine  
  71  5:59  SCV  
  71  6:01  Orbital Command  
  71  6:04  Engineering Bay  
  72  6:08  Engineering Bay  
  72  6:12  SCV  
  72  6:13  SCV  
  72  6:17  Starport Reactor  
  74  6:18  Siege Tank  
  74  6:24  Marine  
  74  6:25  Marine x4  
  82  6:27  SCV  
  82  6:29  Orbital Command  
  82  6:32  SCV  
  84  6:36  Terran Infantry Armor Level 1, Terran Infantry Weapons Level 1  
  84  6:39  Supply Depot  
  84  6:43  SCV  
  84  6:44  SCV  
  86  6:50  Siege Tank  
  86  6:54  Missile Turret  
  89  6:55  Medivac x2  
  89  6:57  Marine x2  
  89  6:58  Marine x2  
  89  6:59  Marine  
  98  7:01  SCV  
  98  7:02  SCV  
  98  7:04  SCV  
  98  7:13  SCV  
  98  7:14  SCV  
  100  7:16  Supply Depot, SCV  
  100  7:19  Marine x5  
  106  7:22  Siege Tank  
  106  7:25  SCV  
  106  7:26  SCV  
  106  7:28  SCV  
  112  7:33  Barracks x2  
  112  7:36  Marine  
  113  7:37  Armory, SCV  
  113  7:38  SCV  
  113  7:41  SCV  
  113  7:42  Refinery  
  113  7:43  Refinery  
  113  7:44  Medivac x2  
  120  7:50  SCV  
  121  7:51  Marine x3  
  121  7:52  Marine  
  121  7:56  Supply Depot  
  125  7:58  Supply Depot  
  125  7:59  Missile Turret, SCV x2  
  125  8:02  SCV  
  125  8:03  Supply Depot  
  125  8:04  Supply Depot  
  128  8:10  Marine x5  
  133  8:17  Siege Tank  
  133  8:18  Medivac x2  
  133  8:19  SCV  
  141  8:20  SCV x2  
  141  8:22  Factory  
  141  8:26  Combat Shield  
  141  8:27  Barracks Reactor x2  
  143  8:35  Missile Turret, Sensor Tower  
  143  8:39  SCV x2  
  143  8:40  SCV  
  146  8:47  Supply Depot  
  139  8:49  Terran Infantry Weapons Level 2, Terran Infantry Armor Level 2, Marine x5  
  144  8:57  Command Center  
  144  9:02  Siege Tank  
  147  9:04  Marine x2  
  147  9:05  Marine x2  
  151  9:10  Factory Tech Lab  
  151  9:13  Marine x3  
  151  9:14  Marine x2  
  156  9:19  Terran Vehicle Weapons Level 1  
  156  9:22  Marine x4  
  160  9:25  Supply Depot  
  160  9:28  Medivac x2  
  155  9:31  Marine x2  
  155  9:32  Marine  
  155  9:33  Marine x2  
  155  9:34  Siege Tank  
  163  9:41  Missile Turret, Liberator x2  
  161  9:50  Siege Tank  
  161  9:51  Marine x5  
  161  9:52  Marine  
  170  9:58  Command Center  
  176  10:00  Marine  
  176  10:01  Marine x2  
  179  10:09  Marine x2  
  181  10:14  Marine  
  181  10:16  Supply Depot  
  181  10:17  Supply Depot  
  181  10:18  Supply Depot  
  181  10:29  Marine  
  181  10:38  Marine x5, Siege Tank  
  181  10:39  Marine x2, Siege Tank  
  181  10:41  Medivac x2  
  198  10:44  Marine  
  198  10:47  Marine  
  200  11:00  Barracks x2  
  200  11:01  Barracks  
  200  11:07  Missile Turret  
  198  11:11  Sensor Tower  
  196  11:19  Marine x4  
  200  11:36  Planetary Fortress  
  200  11:39  Refinery x2  
  200  12:00  Factory  
  197  12:21  Siege Tank  
  197  12:22  Marine  
  199  12:37  Starport  
  199  12:39  Marine  
  199  12:40  Starport  
  199  12:45  Marine  
  199  12:47  Marine x3  
  199  12:50  Marine x2  
  199  12:51  Marine x2, Command Center  
  178  12:54  Barracks Reactor x2  
  178  12:55  Medivac x2, Siege Tank  
  178  12:56  Marine, Siege Tank  
  178  12:57  Marine  
  191  13:01  Command Center  
  191  13:03  Marine  
  191  13:05  Marine x3  
  191  13:07  SCV  
  191  13:08  Marine, SCV x3  
  191  13:11  Marine x2  
  200  13:17  Starport Reactor, Starport Tech Lab  
  196  13:21  Fusion Core  
  181  13:36  Marine x14  
Tags
 
Add a new tag
Caveats
  • Supply blocks, unpowered buildings, or Contaminate may cause inaccurate times.
  • Supply counts are checked every 10 seconds.